 Dungeon Crawl Stone Soup version 0.29.1-13-g9f3cf754e1 (webtiles) character file.

Game seed: 11513097843062890332

4973 croobank the Shooter (level 10, 0/82 (102) HPs)
             Began as an Octopode Transmuter on Jan 28, 2023.
             Was an Initiate of Gozag.
             Slain by a wight
             ... wielding a +4 spear
              (10 damage)
             ... on level 8 of the Dungeon.
             The game lasted 00:28:34 (9529 turns).

croobank the Shooter (Octopode Transmuter)          Turns: 9529, Time: 00:28:35

HP:   0/82 (102)    AC:  1    Str:  9    XL:     10   Next: 53%
MP:   27/27         EV: 19    Int: 15    God:    Gozag
Gold: 772           SH:  0    Dex: 13    Spells: 17/20 levels left

rFire   . . .      SeeInvis +   b - +11 sling "Luelaenn" {venom, rElec MP+9 Int-5}
rCold   . . .      Faith    .   (no shield)
rNeg    . . .      Spirit   .   (helmet restricted)
rPois   .          Reflect  .   x - amulet of regeneration
rElec   +          Harm     .   f - ring of see invisible
rCorr   .          Rampage  .   n - +4 ring of evasion
Will    .....                   (no ring)
Stlth   ..........              (no ring)
HPRegen 1.03/turn               (no ring)
MPRegen 0.20/turn               (no ring)
                                (no ring)
                                (no ring)

@: berserking (expiring), wereblooded, gold aura, heavily drained, very quick
A: almost no armour, amphibious, 8 rings, camouflage 1, gelatinous body 1,
(nimble swimmer 1), tentacles
a: Renounce Religion, Potion Petition, Call Merchant, Bribe Branch


You were on level 8 of the Dungeon.
You worshipped Gozag.
Gozag was pleased with you.
You visited 2 branches of the dungeon, and saw 9 of its levels.
You also visited: Ossuary.

You collected 1114 gold pieces.
You paid 342 gold pieces to Gozag.

Inventory:

Hand Weapons
 a - a +2 dagger of venom
 b - the +11 sling "Luelaenn" (weapon) {venom, rElec MP+9 Int-5}
   (You found it on level 2 of the Dungeon)

   Any ammunition fired from it poisons the flesh of those it strikes.
   Int:       It affects your intelligence (-5).
   rElec:     It insulates you from electricity.
   MP:        It affects your magic capacity (+9).
 e - a +0 war axe
 j - a +4 war axe of freezing
 l - a +1 scythe of protection
 o - a +3 long sword
 p - a +0 morningstar
 t - a +5 dagger
 w - a +1 great sword
 D - a +4 morningstar
 K - a +3 quarterstaff of chaos
Missiles
 d - 5 silver javelins
Jewellery
 f - a ring of see invisible (left tentacle)
 n - a +4 ring of evasion (right tentacle)
 x - an amulet of regeneration (around mantle)
 C - a ring of fire
Wands
 A - a wand of iceblast (15)
 E - a wand of digging (1)
 L - a wand of paralysis (5)
Scrolls
 c - 3 scrolls of teleportation
 m - a scroll of immolation
 y - a scroll of noise
 B - a scroll of summoning
 F - a scroll of fog
 H - a scroll of enchant weapon {unknown}
Potions
 g - 2 potions of mutation
 i - a potion of magic
 k - 3 potions of might
 q - 2 potions of berserk rage
 r - 3 potions of lignification
 s - 2 potions of degeneration
 u - 2 potions of curing
 v - a potion of heal wounds
 z - a potion of invisibility
 G - a potion of attraction
 I - a potion of brilliance
 J - a potion of cancellation
 M - a potion of haste


   Skills:
 + Level 5.9 Fighting
 - Level 2.5 Short Blades
 * Level 7.0 Ranged Weapons
 + Level 6.2 Dodging
 - Level 3.0 Unarmed Combat
 + Level 5.7 Spellcasting
 + Level 6.1 Transmutations
 + Level 5.5 Fire Magic


You had 17 spell levels left.
You knew the following spells:

 Your Spells              Type           Power      Damage    Failure   Level
a - Beastly Appendage     Tmut           44%        N/A       1%          1
b - Wereblood             Tmut           22%        N/A       1%          2

Your spell library contained the following spells:

 Spells                   Type           Power      Damage    Failure   Level
 Scorch                   Fire           42%        2d7       2%          2
 Ignite Poison            Fire/Tmut/Pois 16%        N/A       9%          3
 Spider Form              Tmut/Pois      13%        N/A       13%         3
 Shock                    Conj/Air       16%        1d4       16%         1
 Poisonous Vapours        Pois/Air       8%         N/A       22%         2
 Ice Form                 Ice/Tmut       13%        N/A       38%         4
 Mephitic Cloud           Conj/Pois/Air  4%         N/A       41%         3
 Swiftness                Air            4%         N/A       41%         3
 Flame Wave               Conj/Fire      12%        2d6       43%         4
 Airstrike                Air            2%         2d(1-17)  83%         4
 Freezing Cloud           Conj/Ice/Air   2%         6-21      99%         5
 Summon Cactus Giant      Summ           2%         N/A       100%        6
 Corpse Rot               Necr/Pois/Air  Unusable   N/A       N/A         4

Dungeon Overview and Level Annotations

Branches:
Dungeon (8/15)             Temple (1/1) D:4            Lair (0/5) D:8
Ossuary (visited)

Altars:
Ashenzari
Cheibriados
Dithmenos
Elyvilon
Fedhas
Gozag
Hepliaklqana
Kikubaaqudgha
Makhleb
Nemelex Xobeh
Okawaru
Qazlal
Ru
Sif Muna
Trog
Vehumet
Wu Jian
Xom
Yredelemnul
Zin
The Shining One


Innate Abilities, Weirdness & Mutations

You cannot wear most types of armour.
You are amphibious.
You can wear up to eight rings at the same time.
Your skin changes colour to match your surroundings (Stealth+).
Your rubbery body absorbs attacks. (AC +1, EV +1)
((You are camouflaged when in or above water. (Stealth+)))
You have tentacles for arms and can constrict up to eight enemies at once.


Message History

You are too berserk!
Really attack while wielding the +11 sling "Luelaenn" {venom, rElec MP+9 Int-5}?
You barely miss the wight. You grab the wight.
The wight is moderately damaged.
You constrict the wight.
The wight hits you from afar with a +4 spear!
You feel drained.
The wight hits you with a +0 long sword.
You release your grip on the wight.
You howl as the wereblood boils in your veins!
The wight misses you.
You clumsily bash the wight.
Your grab misses the wight. Your squeeze misses the wight.
The wight is heavily damaged.
You howl as the wereblood boils in your veins!
The wight hits you from afar with a +4 spear!
* * * LOW HITPOINT WARNING * * *
The wight completely misses you.
You clumsily bash the wight.
You grab the wight.
You tentacle-slap the wight, but do no damage.
You squeeze the wight.
You feel a bit better.
You destroy the wight!
The wight barely misses you.
There are no items here.
You are too berserk!
You are too berserk!
You are too injured to fight recklessly!
You closely miss the wight. Your grab misses the wight.
Your squeeze misses the wight.
The wight is moderately damaged.
The wight hits you with a +4 spear!
* * * LOW HITPOINT WARNING * * *
You are too berserk!
You are too berserk!
You barely miss the wight. You grab the wight.
The wight is moderately damaged.
You constrict the wight, but do no damage.
The wight hits you with a +4 spear!
You die...
Your body crumbles into a pile of gold.

........##..##.##....#
.......##..###>......#
..# #...##.####.##...#
..# ###.##..#...##...#
..###..........####.###
..##............#####.##
.................# ....#
...........#....>#..?...
..#........#....@z$#
..#.......##..###.##
..........##..# .#
.............## #.
............## #.
..........#.# ..
.........#### ..
.........# ...
.........#


You could see a wight.

Vanquished Creatures
  Grinder (D:3)
  Sigmund (D:2)
  2 steam dragons (D:7)
  Grum (D:8)
  2 water moccasins
  An orc warrior (D:7)
  3 sky beasts
  3 black bears
  2 ice beasts
  3 ogres
  2 centaurs
  3 wolves (D:8)
  A kobold brigand (D:7)
  2 bullfrogs
  A scorpion (D:5)
  7 necrophages
  2 gnoll sergeants
  15 wights
  A vampire bat (D:5)
  A centaur zombie (Ossuary)
  3 bullfrog zombies (D:6)
  A gnoll bouda (D:7)
  3 orc priests
  Crazy Yiuf (D:7)
  3 hounds
  3 human zombies
  Natasha (thrice) (D:3)
  An iguana (D:5)
  An orc wizard (D:7)
  2 mummies (Ossuary)
  A howler monkey zombie (D:6)
  Robin (D:3)
  11 gnolls
  9 adders
  An ufetubus (D:4)
  2 worms
  2 dart slugs (D:2)
  11 orcs
  8 ball pythons
  6 endoplasms
  3 giant cockroaches
  A gnoll zombie (Ossuary)
  18 goblins
  8 hobgoblins
  5 quokkas
  18 bats
  A frilled lizard (D:3)
  4 goblin zombies (Ossuary)
  4 hobgoblin zombies (Ossuary)
  11 kobolds
  2 orc zombies (Ossuary)
  8 rats
210 creatures vanquished.

Vanquished Creatures (others)
  An orc wizard (D:7)
1 creature vanquished.

Grand Total: 211 creatures vanquished

Notes
Turn   | Place    | Note
-------+----------+-------------------------------------------
     0 | D:1      | croobank the Octopode Transmuter began the quest for the
                  | Orb.
     0 | D:1      | Reached XP level 1. HP: 13/13 MP: 3/3
   289 | D:1      | Reached XP level 2. HP: 18/18 MP: 3/5
   292 | D:1      | Learned a level 2 spell: Wereblood
   475 | D:1      | Found a faded altar of an unknown god.
  1078 | D:1      | Reached XP level 3. HP: 23/23 MP: 0/6
  1527 | D:2      | Reached skill level 1 in Short Blades
  1534 | D:2      | Reached XP level 4. HP: 29/29 MP: 5/7
  1545 | D:2      | Identified the +11 sling "Luelaenn" {venom, rElec MP+9
                  | Int-5}
  1771 | D:2      | Noticed Sigmund
  1776 | D:2      | Killed Sigmund
  1777 | D:2      | Reached skill level 1 in Fire Magic
  1777 | D:2      | Reached XP level 5. HP: 35/35 MP: 9/9
  1777 | D:2      | Reached XP level 6. HP: 41/41 MP: 10/10
  2017 | D:3      | Noticed Grinder
  2025 | D:3      | Killed Grinder
  2026 | D:3      | Reached XP level 7. HP: 33/46 MP: 11/11
  2068 | D:3      | Noticed Robin
  2072 | D:3      | Killed Robin
  2329 | D:3      | Found a broken altar of Ashenzari.
  2443 | D:3      | Found a basalt altar of Yredelemnul.
  2521 | D:3      | Noticed Natasha
  2524 | D:3      | Killed Natasha
  2758 | D:3      | Noticed Natasha
  2762 | D:3      | Killed Natasha
  2799 | D:3      | Noticed Natasha
  2801 | D:3      | Killed Natasha
  2912 | D:4      | Found a staircase to the Ecumenical Temple.
  2919 | D:4      | Reached skill level 1 in Ranged Weapons
  3031 | Temple   | Entered the Ecumenical Temple
  3421 | D:4      | Found an iron altar of Okawaru.
  3458 | D:4      | Found a burning altar of Makhleb.
  3466 | D:4      | Found a bloodstained altar of Trog.
  3469 | D:4      | Found a glowing silver altar of Zin.
  3745 | D:5      | Entered Level 5 of the Dungeon
  3819 | D:5      | Found a blossoming altar of Fedhas.
  3845 | D:5      | Reached skill level 2 in Ranged Weapons
  3845 | D:5      | Reached XP level 8. HP: 4/53 MP: 13/13
  3972 | D:5      | Found a sand-covered staircase.
  3979 | Ossuary  | Entered an ossuary
  4328 | D:5      | Reached skill level 3 in Ranged Weapons
  4772 | D:5      | Reached skill level 4 in Ranged Weapons
  4786 | D:5      | Reached XP level 9. HP: 59/59 MP: 15/15
  4867 | D:5      | Found an opulent altar of Gozag.
  4875 | D:5      | Became a worshipper of Gozag Ym Sagoz the Greedy
  5359 | D:6      | Reached skill level 5 in Dodging
  5552 | D:6      | Reached skill level 5 in Transmutations
  5872 | D:6      | Found a glowing golden altar of the Shining One.
  5936 | D:6      | Reached skill level 5 in Ranged Weapons
  5946 | D:6      | Found an ancient bone altar of Kikubaaqudgha.
  6300 | D:6      | Reached skill level 5 in Fighting
  6564 | D:6      | Reached skill level 5 in Spellcasting
  7764 | D:7      | Reached XP level 10. HP: 39/66 MP: 17/17
  7766 | D:7      | Reached skill level 6 in Ranged Weapons
  7922 | D:7      | Reached skill level 5 in Fire Magic
  8969 | D:7      | Found a runed translucent door.
  8970 | D:7      | Noticed Crazy Yiuf
  8978 | D:7      | Killed Crazy Yiuf
  9036 | D:8      | Found a shadowy altar of Dithmenos.
  9037 | D:8      | Noticed Grum
  9110 | D:8      | Killed Grum
  9126 | D:8      | Found a staircase to the Lair.
  9519 | D:8      | Reached skill level 7 in Ranged Weapons
  9529 | D:8      | Slain by a wight

Illustrated notes

Levels and vault maps discovered:
D:1:      lightli_arrival_lavapool, layout_basic,
          hellmonk_ecumenical_altar_crossroads, kennysheep_pointless_box
D:2:      layout_rooms, minmay_surrounded, uniq_sigmund
D:3:      layout_rooms, general_overflow_altar, lemuel_coloured_pillars_altar,
          nicolae_titane, uniq_robin, uniq_natasha, uniq_grinder
D:4:      layout_loops_ring, okawaru_altar_gauntlet_db, minitemple,
          minmay_temple_entry_large_hall
D:5:      layout_loops_corners, mainiacjoe_overflow_tiny_flanked,
          mainiacjoe_overflow_brackets, chequers_ossuary_entry_cave,
          roderic_batcave, grunt_decor_cap, minmay_misc_feat_room
D:6:      layout_basic, tso_altar, lemuel_mausoleum_altar_kikubaaqudgha
D:7:      layout_loops_ring, kennysheep_nub, roderic_lattice_a,
          uniq_crazy_yiuf_cottage
D:8:      layout_cave_pools, mainiacjoe_overflow_boulevard, marbit_many_paths,
          lair_entry_dummy, minmay_misc_feat_cross, uniq_grum
Temple:   compressed_dpeg_circular_temple

Skill      XL: |  1  2  3  4  5  6  7  8  9 10 |
---------------+-------------------------------+-----
Short Blades   | 1 2 |  2.5
Fighting       | 2 3 4 5 |  5.9
Dodging        | 3 4 5 6 |  6.2
Transmutations | 3 4 5 6 |  6.1
Fire Magic     | 1 2 3 4 5 |  5.5
Spellcasting   | 3 4 5 |  5.7
Ranged Weapons | 2 4 5 7 |  7.0
Unarmed Combat | |  3.0

Action                   |  1- 3 |  4- 6 |  7- 9 | 10-12 || total
-------------------------+-------+-------+-------+-------++-------
Melee: Unarmed           |    69 |     3 |       |       ||    72
       Constrict         |    23 |       |    19 |     3 ||    45
       Kick              |    15 |       |    36 |       ||    51
       Tentacles         |    15 |     1 |    33 |     1 ||    50
       Dagger            |       |       |   125 |       ||   125
       Punch             |       |       |     6 |     1 ||     7
       War axe           |       |       |     8 |       ||     8
       Sling             |       |       |       |     5 ||     5
 Fire: Sling             |       |    27 |   235 |   111 ||   373
 Cast: Beastly Appendage |    15 |     5 |    15 |     1 ||    36
       Wereblood         |    12 |     3 |    39 |    10 ||    64
Invok: Potion Petition   |       |       |       |     1 ||     1
  Use: Scroll            |       |       |    18 |     5 ||    23
       Potion            |       |       |     1 |     1 ||     2
 Stab: Sleeping          |     7 |       |     6 |       ||    13
Armor: Skin              |     7 |     1 |    10 |     1 ||    19
Dodge: Dodged            |    44 |     5 |   172 |   113 ||   334
